 Dungeon Crawl Stone Soup version 0.29.1-14-g9c671dbff4 (webtiles) character file.

Game seed: 4882812108081197381

3366 Feubar the Cleaver (level 9, -3/83 HPs)
             Began as a Minotaur Berserker on Feb 16, 2023.
             Was an Elder of Trog.
             Killed from afar by a steam dragon (13 damage)
             ... with a ball of steam
             ... on level 8 of the Dungeon on Feb 17, 2023.
             The game lasted 00:35:24 (6968 turns).

Feubar the Cleaver (Minotaur Berserker)             Turns: 6968, Time: 00:35:25

Health: -3/83      AC: 18    Str: 25    XL:     9   Next: 73%
Magic:  8/8        EV: 14    Int:  6    God:    Trog [****..]
Gold:   527        SH:  5    Dex:  9    Spells: 8/8 levels left

rFire   . . .      SeeInvis .   M - +0 broad axe (freeze)
rCold   . . .      Faith    .   (no shield)
rNeg    . . .      Spirit   .   u - +0 chain mail
rPois   .          Reflect  +   k - +2 hat
rElec   .          Harm     .   (no cloak)
rCorr   .          Rampage  .   N - +0 pair of gloves
Will    .....                   (no boots)
Stlth   ..........              K - amulet of reflection
HPRegen 0.23/turn               l - +4 ring of evasion
MPRegen 0.11/turn               i - +4 ring of protection

@: attractive
A: horns 2, retaliatory headbutt
a: Renounce Religion, Berserk, Trog's Hand, Brothers in Arms


You were on level 8 of the Dungeon.
You worshipped Trog.
Trog was greatly pleased with you.
You visited 1 branch of the dungeon, and saw 8 of its levels.
You also visited: Sewer.

You collected 527 gold pieces.

Inventory:

Hand Weapons
 a - a +1 hand axe of freezing
 r - a +1 hand axe of electrocution
 M - a +0 broad axe of freezing (weapon)
Missiles
 o - 10 boomerangs (quivered)
 D - 7 boomerangs of dispersal
 J - 2 silver boomerangs
Armour
 k - a +2 hat (worn)
 u - a +0 chain mail (worn)
 N - a +0 pair of gloves (worn)
 O - +0 swamp dragon scales
 P - a +8 plate armour of ponderousness
Jewellery
 i - a +4 ring of protection (right hand)
 l - a +4 ring of evasion (left hand)
 t - a ring of poison resistance
 y - a +4 ring of evasion
 K - an amulet of reflection (around neck)
 L - a ring of willpower
 Q - a ring of see invisible
Wands
 x - a wand of paralysis (13)
 E - a wand of quicksilver (9)
 G - a wand of flame (20)
Scrolls
 b - a scroll of poison {unknown}
 e - a scroll of amnesia
 h - 2 scrolls of enchant armour
 j - a scroll of noise {unknown}
 n - a scroll of butterflies
 p - 8 scrolls of teleportation
 q - a scroll of enchant weapon
 s - a scroll of brand weapon
 v - 4 scrolls of identify
 C - 3 scrolls of fear
 F - a scroll of blinking
Potions
 c - a potion of mutation {unknown}
 d - 2 potions of invisibility {unknown}
 f - 3 potions of lignification {unknown}
 g - a potion of berserk rage {unknown}
 m - a potion of curing {unknown}
 w - 2 potions of attraction
 z - a potion of flight {unknown}
 A - a potion of cancellation {unknown}
 B - a potion of brilliance {unknown}
 H - a potion of ambrosia {unknown}
 I - 2 potions of heal wounds {unknown}


   Skills:
 + Level 9.1 Fighting
 + Level 9.1 Axes
 + Level 8.6 Armour
 + Level 7.9 Dodging


You had 8 spell levels left.
You didn't know any spells.
Your spell library was empty.

Dungeon Overview and Level Annotations

Branches:
Dungeon (8/15)             Temple (0/1) D:7           Sewer (visited)
   Lair: D:8-11

Altars:
Dithmenos

Shops:
D:1 :

Annotations:
D:8 exclusion: oklob plant


Innate Abilities, Weirdness & Mutations

You have a pair of horns on your head.
You reflexively headbutt those who attack you in melee.


Message History

The vampire flickers and vanishes!
Deactivating autopickup; reactivate with Ctrl-A.
You closely miss something. Your headbutt misses something.
Something hits you but does no damage. Something bites you but does no damage.
You hit something. You headbutt something. Something draws life force from you!
You hear some strange, mumbled words.
You are confused.
You barely miss something. Your headbutt misses something. Something hits you.
Something bites you!
Something draws strength from your injuries!
You're too confused to move!
Something hits you. Something bites you!
Something draws strength from your injuries!
You bump into the rock wall.
Something hits you. Something bites you!
Something draws strength from your injuries!
You miss something. Something hits you. Something bites you.
Something draws strength from your injuries!
Okay, then.
It was a potion of attraction.
You feel attractive to monsters. Something hits you but does no damage.
Something bites you but does no damage. Something hits you but does no damage.
Something bites you but does no damage.
You closely miss something. Your headbutt misses something.
You feel less confused. Something hits you.
* * * LOW HITPOINT WARNING * * *
Something bites you!
* * * LOW HITPOINT WARNING * * *
Something draws strength from your injuries!
As you read the scroll of teleportation, it crumbles to dust.
You feel strangely unstable. Something hits you but does no damage.
Something bites you but does no damage.
Found a falchion.
Something hits you but does no damage. Something bites you but does no damage.
Your surroundings suddenly seem different.
A steam dragon comes into view.
The steam dragon hisses angrily.
The steam dragon is attracted toward you.
The steam dragon breathes steam at you. The ball of steam hits you!
You die...

.....+ .....PP
.....# .....PG
.....# .....P)
######
#######.....P? .#
#####..........PPP
.#
.§...............P
.+
................
.#
....D§§.........
.#
.......§@.......
...
.....#######....
.#... ... .
....... . .#.#...
....... .# #.#.


You could see a steam dragon (catching breath).

Vanquished Creatures
  Maggie (D:7)
  Grinder (D:6)
  A steam dragon (D:6)
  4 water moccasins
  Pargi (Sewer)
  Duvessa (D:6)
  A sky beast (D:7)
  A black bear (D:5)
  3 ice beasts
  An orc warrior (D:7)
  An ogre (D:5)
  A centaur (D:6)
  A phantom (D:5)
  2 bullfrogs (D:6)
  2 necrophages (D:6)
  3 scorpions
  Dowan (D:6)
  3 hounds
  5 orc priests
  2 jellies (D:5)
  4 iguanas
  4 orc wizards
  7 gnolls
  12 adders
  A shadow imp (D:7)
  2 ufetubi
  2 dart slugs
  31 orcs
  9 endoplasms
  4 giant cockroaches
  3 goblins
  4 hobgoblins
  2 jackals (D:2)
  14 kobolds
  9 quokkas
  A ball python (D:4)
  4 bats
  5 frilled lizards
  5 rats
159 creatures vanquished.

Vanquished Creatures (collateral kills)
  A gnoll sergeant (D:7)
  2 gnolls (D:7)
3 creatures vanquished.

Grand Total: 162 creatures vanquished

Notes
Turn   | Place    | Note
-------+----------+-------------------------------------------
     0 | D:1      | Feubar the Minotaur Berserker began the quest for the Orb.
     0 | D:1      | Reached XP level 1. HP: 19/19 MP: 0/0
    98 | D:1      | Found Fegot's Book Shoppe.
   308 | D:1      | Reached XP level 2. HP: 27/27 MP: 1/1
  1352 | D:2      | Reached XP level 3. HP: 33/33 MP: 2/2
  1398 | D:2      | Reached ** piety under Trog
  1907 | D:3      | Reached XP level 4. HP: 41/41 MP: 3/3
  1967 | D:3      | Found a glowing drain.
  2020 | Sewer    | Entered a sewer
  2149 | Sewer    | Noticed Pargi
  2154 | Sewer    | Killed Pargi
  2155 | Sewer    | Reached XP level 5. HP: 47/47 MP: 4/4
  2946 | D:4      | Reached skill level 5 in Fighting
  2946 | D:4      | Reached skill level 5 in Axes
  3150 | D:4      | Reached XP level 6. HP: 46/56 MP: 5/5
  3660 | D:5      | Entered Level 5 of the Dungeon
  3670 | D:5      | Reached *** piety under Trog
  3947 | D:5      | Reached skill level 5 in Armour
  3947 | D:5      | Reached XP level 7. HP: 51/62 MP: 6/6
  4332 | D:5      | Reached skill level 5 in Dodging
  4830 | D:5      | Found a shadowy altar of Dithmenos.
  4906 | D:6      | Reached XP level 8. HP: 70/71 MP: 7/7
  4914 | D:6      | Noticed Grinder
  4923 | D:6      | Paralysed by Grinder for 5 turns
  4931 | D:6      | Killed Grinder
  5286 | D:6      | Reached **** piety under Trog
  5650 | D:6      | Reached XP level 9. HP: 76/81 MP: 8/8
  5686 | D:6      | Identified the +2 robe of the Apothecary {Str+4 Dex+4}
  5955 | D:6      | Noticed Duvessa
  5955 | D:6      | Noticed Dowan
  5962 | D:6      | Killed Duvessa
  5966 | D:6      | Killed Dowan
  6254 | D:7      | Found a staircase to the Ecumenical Temple.
  6606 | D:7      | Noticed Maggie
  6619 | D:7      | Killed Maggie
  6886 | D:8      | Noticed an oklob plant
  6968 | D:8      | Killed from afar by a steam dragon

Illustrated notes

Levels and vault maps discovered:
D:1:      minmay_arrival_solitary_statue, layout_loops_ring, serial_shops, shop
D:2:      layout_basic
D:3:      layout_loops_cross, gup_sewer_entry_pipe
D:4:      layout_cave_pools, nrook_campfire, minivault_25, minivault_14
D:5:      layout_loops_ring, grunt_dithmenos_shadows
D:6:      layout_basic, minmay_starry_boxes, uniq_grinder, uniq_duvessa
D:7:      layout_cave_pools, trog_book, minmay_temple_entry_junction,
          serial_column_ruins, column_ruins_hut, column_ruins_open_tiny,
          column_ruins_grid_1, column_ruins_grid_3, column_ruins_open_small,
          chequers_arboretum, uniq_maggie
D:8:      layout_gridville, serial_shops, shop, hangedman_decor_riveting,
          disabler_island

Skill      XL: |  1  2  3  4  5  6  7  8  9 |
---------------+----------------------------+-----
Fighting       | 4 5 6 7 9 |  9.1
Axes           | 4 5 6 8 9 |  9.1
Armour         | 3 4 5 7 8 |  8.6
Dodging        | 3 4 5 6 7 |  7.9

Action                   |  1- 3 |  4- 6 |  7- 9 || total
-------------------------+-------+-------+-------++-------
Melee: Hand axe          |    92 |   105 |   164 ||   361
       Headbutt          |     9 |    17 |    45 ||    71
       Broad axe         |       |       |    68 ||    68
Throw: Boomerang         |       |       |     3 ||     3
Invok: Berserk           |       |     1 |     2 ||     3
       Brothers in Arms  |       |       |     1 ||     1
Evoke: Wand              |       |       |     2 ||     2
  Use: Scroll            |       |    11 |     3 ||    14
       Potion            |       |       |     1 ||     1
Armor: Animal skin       |     9 |       |       ||     9
       Ring mail         |    17 |     1 |       ||    18
       Scale mail        |       |    25 |       ||    25
       Chain mail        |       |       |   112 ||   112
Dodge: Dodged            |    66 |    80 |   170 ||   316
Block: Other             |       |       |    33 ||    33
